 Dungeon Crawl Stone Soup version 0.24.0-125-gc4c63601f3 (webtiles) character file.

Game seed: 1570828394624943273, levelgen mode: deterministic

25750 BuffBuff the Severer (level 12, -4/168 HPs)
             Began as a Minotaur Berserker on Mar 19, 2020.
             Was a High Priest of Trog.
             Slain by a tengu warrior
             ... wielding a +3 great sword of electrocution
              (17 damage)
             ... on level 15 of the Dungeon.
             The game lasted 00:42:34 (15074 turns).

BuffBuff the Severer (Minotaur Berserker)          Turns: 15074, Time: 00:42:34

Health: -4/168     AC: 19    Str: 31    XL:     12   Next: 92%
Magic:  0/20       EV: 13    Int:  4    God:    Trog [*****.]
Gold:   568        SH:  0    Dex: 11    Spells: 11/11 levels left

rFire    + . .     SeeInvis .   Q - +0 battleaxe
rCold    . . .     Gourm    .   (shield currently unavailable)
rNeg     . . .     Faith    .   R - +0 plate armour
rPois    .         Spirit   +   (helmet restricted)
rElec    .         Reflect  .   f - scarf {Spirit}
rCorr    .         Harm     .   A - +1 pair of gloves
MR       .....                  m - +0 pair of boots
Stlth    ..........             (no amulet)
HPRegen  0.38/turn              d - ring of protection from fire
MPRegen  0.17/turn              y - ring of magical power

@: berserking, very quick
A: retaliatory headbutt, horns 2
a: Berserk, Trog's Hand, Brothers in Arms, Renounce Religion


You were on level 15 of the Dungeon.
You worshipped Trog.
Trog was extremely pleased with you.
You were hungry.

You visited 1 branch of the dungeon, and saw 15 of its levels.

You collected 691 gold pieces.
You spent 123 gold pieces at shops.

Inventory:

Hand Weapons
 a - a +2 flail of crushing
 q - a +0 war axe
 L - a +5 antimagic glaive
 Q - a +0 battleaxe (weapon)
 U - a +3 scimitar of flaming
Missiles
 F - 57 poisoned darts
 G - 12 curare-tipped darts (quivered)
Armour
 f - a scarf of spirit shield (worn)
 k - a +1 shield of fire resistance
 m - a +0 pair of boots (worn)
 o - a +0 chain mail
 w - a +0 cloak
 A - a +1 pair of gloves (worn)
 R - a +0 plate armour (worn)
 S - a +1 chain mail of poison resistance
Jewellery
 d - a ring of protection from fire (left hand)
 l - an uncursed ring of flight
 y - a ring of magical power (right hand)
 V - an uncursed ring of fire
Wands
 r - a wand of paralysis (17)
 x - a wand of enslavement (12)
 M - a wand of clouds (4)
 T - a wand of random effects (10)
 W - a wand of acid (4)
Scrolls
 h - 6 scrolls of remove curse
 j - 4 scrolls of fog
 n - 6 scrolls of teleportation
 p - 14 scrolls of identify
 z - 2 scrolls of magic mapping
 H - 2 scrolls of torment {unknown}
 J - a scroll of enchant weapon {unknown}
 N - a scroll of brand weapon {unknown}
 X - a scroll of holy word {unknown}
 Z - a scroll of silence {unknown}
Potions
 b - 2 potions of magic {unknown}
 e - a potion of resistance {unknown}
 g - 2 potions of cancellation {unknown}
 i - 10 potions of curing
 s - 2 potions of flight
 t - a potion of invisibility {unknown}
 u - a potion of ambrosia {unknown}
 v - a potion of degeneration {unknown}
 B - 4 potions of heal wounds {unknown}
 C - 2 potions of berserk rage {unknown}
 D - 2 potions of haste {unknown}
 E - 2 potions of mutation {unknown}
 I - 2 potions of agility
 K - a potion of might {unknown}
 O - a potion of lignification {unknown}
Miscellaneous
 P - 2 phantom mirrors
Comestibles
 c - 27 rations


   Skills:
 + Level 12.2 Fighting
 * Level 16.1 Axes
 + Level 11.8 Armour
 + Level 11.0 Dodging


You had 11 spell levels left.
You didn't know any spells.
Your spell library was empty.

Dungeon Overview and Level Annotations

Branches:
Dungeon (14/15)            Temple (0/1) D:4            Lair (0/6) D:11
    Orc (0/2) D:12         Vaults (0/5) D:13

Altars:
Ashenzari
Cheibriados
Gozag
Kikubaaqudgha
Nemelex Xobeh
Sif Muna
Trog
Vehumet
Xom
The Shining One

Shops:
D:7 ?   D:11 *

Portals:
Trove: D:15 (show slimy rune of Zot)

Annotations:
D:3 1 runed translucent door, hallab's ghost, amateur DrFi
D:4 3 runed translucent doors, 1 exclusion, Doot's ghost, amateur SpAK
D:8 1 runed translucent door, GenChuck's ghost, novice DrCj
D:10 2 runed translucent doors, Cuweroal's ghost, journeyman DEFE


Innate Abilities, Weirdness & Mutations

You reflexively headbutt those who attack you in melee.
You have a pair of horns on your head.


Message History

The tengu warrior hits you but does no damage.
The tengu warrior pecks you but does no damage.
The tengu warrior claws you but does no damage.
Your plate armour prevents you from hitting the tengu warrior.
Your headbutt misses the tengu warrior.
The tengu warrior is heavily wounded.
You completely miss the tengu warrior.
The tengu warrior is heavily wounded.
The tengu warrior hits you with a +3 great sword of electrocution!
* * * LOW HITPOINT WARNING * * *
The tengu warrior pecks you.
* * * LOW HITPOINT WARNING * * *
The tengu warrior claws you but does no damage.
A red film seems to cover your vision as you go berserk!
You feel yourself moving faster!
You feel mighty!
You are feeling hungry.
The tengu warrior hits you with a +3 great sword of electrocution.
* * * LOW HITPOINT WARNING * * *
You are electrocuted!!
You die...

###################
......Q@..........#
###########.#####.#
#.# #.###### ...
#....... .#.##
######## #.._. #
#.# ... #.# ######


You could see a tengu warrior.

Vanquished Creatures
  A hydra (D:12)
  Erolcha (D:8)
  2 dancing weapons (D:13)
  4 two-headed ogres
  A tengu warrior (D:15)
  Nergalle (D:12)
  An unseen horror (D:14)
  A wolf spider zombie (D:15)
  A deep elf mage (D:14)
  A manticore (D:15)
  An ugly thing (D:11)
  2 cyclopes
  Psyche (D:10)
  5 gargoyles
  An efreet (D:13)
  2 komodo dragons (D:14)
  3 tengu conjurers
  3 trolls
  A polar bear (shapeshifter) (D:15)
  Prince Ribbit (D:9)
  8 slime creatures (D:12)
  A hippogriff (D:8)
  A spriggan (D:9)
  A wraith (D:13)
  6 yaks
  A vampire (D:12)
  3 hungry ghosts
  A warg (D:12)
  A water moccasin (D:12)
  3 porcupines (D:11)
  2 ice beasts
  7 orc warriors
  An eye of draining (shapeshifter) (D:15)
  4 ogres
  2 phantoms
  An eye of draining (D:12)
  4 black bears
  7 centaurs
  2 crocodiles
  13 bullfrogs
  2 big kobolds
  A gnoll sergeant (D:6)
  2 wyvern zombies
  2 scorpions
  12 killer bees
  3 howler monkeys (D:8)
  A centaur zombie (D:8)
  5 crimson imps
  A bullfrog zombie (D:6)
  5 centaur skeletons
  5 hounds
  3 jellies
  2 bullfrog skeletons
  A gnoll shaman (D:7)
  17 orc priests
  19 orc wizards
  4 iguanas
  8 worker ants
  2 hound skeletons
  A howler monkey zombie (D:7)
  A worker ant zombie (D:11)
  7 gnolls
  A howler monkey skeleton (D:4)
  15 adders
  3 shadow imps
  3 oozes
  An adder skeleton (D:5)
  5 worms
  2 dart slugs
  9 leopard geckos
  70 orcs
  2 bats
  6 giant cockroaches
  8 goblins
  9 hobgoblins
  12 jackals
  17 kobolds
  6 quokkas
  2 ball pythons
  5 frilled lizards
  7 rats
390 creatures vanquished.

Vanquished Creatures (others)
  A tengu warrior (D:14)
  3 fungi
  2 plants
6 creatures vanquished.

Grand Total: 396 creatures vanquished

Notes
Turn   | Place    | Note
-------+----------+-------------------------------------------
     0 | D:1      | BuffBuff the Minotaur Berserker began the quest for the
                  | Orb.
     0 | D:1      | Reached XP level 1. HP: 19/19 MP: 0/0
   372 | D:1      | Reached XP level 2. HP: 27/27 MP: 1/1
   531 | D:1      | Reached skill level 4 in Axes
  1000 | D:2      | Reached XP level 3. HP: 33/33 MP: 2/2
  1066 | D:2      | Reached ** piety under Trog
  1428 | D:2      | Reached XP level 4. HP: 40/40 MP: 3/3
  1874 | D:3      | Found a runed translucent door.
  1876 | D:3      | Noticed hallab's ghost (amateur DrFi)
  2233 | D:3      | Reached skill level 5 in Axes
  2543 | D:4      | Reached XP level 5. HP: 47/47 MP: 4/4
  2718 | D:4      | Found a sparkling altar of Nemelex Xobeh.
  2755 | D:4      | Reached *** piety under Trog
  2879 | D:4      | Found a runed translucent gate.
  2888 | D:4      | Found a runed translucent gate.
  2889 | D:4      | Found a runed translucent gate.
  2976 | D:4      | Noticed Doot's ghost (amateur SpAK)
  2977 | D:4      | Noticed an ice beast
  2999 | D:4      | Found a staircase to the Ecumenical Temple.
  3028 | D:4      | Found a snail-covered altar of Cheibriados.
  3166 | D:4      | Reached XP level 6. HP: 55/55 MP: 5/5
  3195 | D:4      | Reached skill level 5 in Fighting
  3195 | D:4      | Reached skill level 6 in Axes
  3249 | D:4      | You fall into a shaft and drop 1 floor!
  3249 | D:5      | Entered Level 5 of the Dungeon
  3298 | D:5      | Found a radiant altar of Vehumet.
  3506 | D:4      | Found a shimmering blue altar of Sif Muna.
  4059 | D:5      | Found a shattered altar of Ashenzari.
  4063 | D:5      | Saw a vision of the Swamp and the Snake Pit.
  4063 | D:5      | Noticed a naga
  4063 | D:5      | Noticed a mana viper
  4063 | D:5      | Noticed a naga
  4063 | D:5      | Noticed a shock serpent
  4063 | D:5      | Noticed an anaconda
  4063 | D:5      | Noticed a swamp drake
  4063 | D:5      | Noticed a black mamba
  4064 | D:5      | Noticed an alligator
  4064 | D:5      | Noticed a black mamba
  4066 | D:5      | Noticed a naga
  4310 | D:6      | Reached XP level 7. HP: 39/61 MP: 6/6
  4458 | D:6      | Reached skill level 7 in Axes
  4492 | D:6      | Reached skill level 5 in Armour
  4742 | D:6      | Reached skill level 8 in Axes
  4742 | D:6      | Reached skill level 5 in Dodging
  4742 | D:6      | Reached XP level 8. HP: 49/70 MP: 7/7
  4743 | D:6      | Reached **** piety under Trog
  5285 | D:6      | Found a shimmering altar of Xom.
  5513 | D:7      | Found Ycve's Magic Scroll Shoppe.
  5537 | D:7      | Reached skill level 9 in Axes
  5633 | D:7      | Bought a scroll of identify for 26 gold pieces
  5633 | D:7      | Bought a scroll of identify for 26 gold pieces
  5633 | D:7      | Bought a scroll of magic mapping for 45 gold pieces
  5633 | D:7      | Bought a scroll of identify for 26 gold pieces
  5729 | D:7      | Received a gift from Trog
  6020 | D:8      | Noticed a two-headed ogre
  6026 | D:8      | Killed a two-headed ogre
  6026 | D:8      | Reached skill level 10 in Axes
  6026 | D:8      | Reached XP level 9. HP: 79/79 MP: 8/8
  6284 | D:8      | Reached ***** piety under Trog
  6723 | D:8      | Found a runed translucent door.
  6723 | D:8      | Noticed a manticore
  6723 | D:8      | Noticed GenChuck's ghost (novice DrCj)
  6758 | D:8      | Found an ancient bone altar of Kikubaaqudgha.
  6780 | D:8      | Reached skill level 11 in Axes
  6989 | D:8      | Found a bloodstained altar of Trog.
  7132 | D:9      | Noticed Prince Ribbit
  7366 | D:9      | Killed Prince Ribbit
  7403 | D:9      | Noticed Erolcha
  7418 | D:8      | Killed Erolcha
  7418 | D:8      | Reached XP level 10. HP: 64/90 MP: 6/9
  8147 | D:10     | Entered Level 10 of the Dungeon
  8206 | D:10     | Noticed a two-headed ogre
  8215 | D:10     | Killed a two-headed ogre
  8215 | D:10     | Reached skill level 12 in Axes
  8295 | D:10     | Received a gift from Trog
  8645 | D:10     | Noticed a lich
  8645 | D:10     | Noticed Cuweroal's ghost (journeyman DEFE)
  8646 | D:10     | Noticed a skeletal warrior
  8646 | D:10     | Noticed a skeletal warrior
  8646 | D:10     | Noticed a deep troll
  8647 | D:10     | Noticed an ice dragon
  8715 | D:10     | Noticed Psyche
  8724 | D:10     | Killed Psyche
  8846 | D:10     | Found a runed translucent door.
  8847 | D:10     | Noticed a necromancer
  8849 | D:10     | Found a runed translucent door.
  9647 | D:11     | Noticed a gargoyle
  9654 | D:11     | Killed a gargoyle
  9699 | D:11     | Noticed a white ugly thing
  9715 | D:11     | Killed a white ugly thing
  9715 | D:11     | Reached skill level 13 in Axes
  9715 | D:11     | Reached XP level 11. HP: 52/99 MP: 1/10
  9989 | D:11     | Found Hujokk's Demolitions Depot.
 10061 | D:11     | Found a staircase to the Lair.
 10160 | D:11     | Reached skill level 10 in Fighting
 10898 | D:12     | Found a staircase to the Orcish Mines.
 11020 | D:12     | Noticed a four-headed hydra
 11032 | D:12     | HP: 6/150 [ten-headed hydra (3)]
 11033 | D:12     | Killed an 11-headed hydra
 11033 | D:12     | Reached skill level 10 in Armour
 11726 | D:12     | Noticed a two-headed ogre
 11730 | D:12     | Killed a two-headed ogre
 11730 | D:12     | Reached skill level 14 in Axes
 11901 | D:12     | Noticed Nergalle
 11921 | D:12     | Killed Nergalle
 12069 | D:12     | HP: 3/101 [large slime creature (27)]
 13379 | D:13     | Noticed a +2 long sword
 13381 | D:13     | Noticed a +8 long sword
 13390 | D:13     | Killed a +2 long sword
 13390 | D:13     | Reached XP level 12. HP: 43/110 MP: 4/11
 13394 | D:13     | Reached skill level 10 in Dodging
 13662 | D:13     | Found a gate to the Vaults.
 14121 | D:14     | Reached skill level 15 in Axes
 14159 | D:14     | Noticed a tengu warrior
 14179 | D:14     | Killed a tengu warrior
 14392 | D:14     | Received a gift from Trog
 14396 | D:14     | Noticed a two-headed ogre
 14404 | D:14     | Killed a two-headed ogre
 14449 | D:14     | Got a crude halberd {god gift}
 14479 | D:14     | Identified the +1 halberd of Ubownag {drain, Fragile rPois
                  | Int+2 Dex+4} (Trog gifted it to you on level 14 of the
                  | Dungeon)
 14644 | D:14     | Found a glowing golden altar of the Shining One.
 14653 | D:14     | You fall into a shaft and drop 1 floor!
 14653 | D:15     | Entered Level 15 of the Dungeon
 14915 | D:15     | Found a portal to a secret trove of treasure.
 15005 | D:15     | Noticed a tengu warrior
 15017 | D:15     | Killed a tengu warrior
 15017 | D:15     | Reached skill level 16 in Axes
 15040 | D:15     | Found an opulent altar of Gozag.
 15042 | D:15     | Noticed a tengu warrior
 15074 | D:15     | Slain by a tengu warrior

Levels and vault maps discovered:
D:1:      kennysheep_arrival_seaside, layout_basic, minmay_tromino_v2
D:2:      layout_loops_ring
D:3:      layout_basic, ebering_ghost_reflecting_pool
D:4:      layout_loops_corners, old_standard_altar, led_sif_book,
          temple_statues, gammafunk_ghost_icy, portal_sewer_entry_d,
          first_ration, nemelex_dance_club_becter
D:5:      layout_rooms, basic_altar, grunt_ashenzari_visionary
          [grunt_ashenzari_visionary_swamp, grunt_ashenzari_visionary_snake]
D:6:      layout_cave_pools, tgw_xom
D:7:      layout_rooms, serial_shops, shop
D:8:      layout_loops_ring, lemuel_coloured_pillars_altar,
          kiku_gazebo_pond_becter, ebering_ghost_inner_flame
D:9:      layout_grid_maze, the_bakery, uniq_erolcha, uniq_prince_ribbit1
D:10:     layout_gridville, muffindrake_ghost_dual_entry, uniq_psyche
D:11:     layout_irregular_city, due_lair_maze_entry_diamond,
          nicolae_blasting_shop, minmay_misc_feat_doors
D:12:     layout_long_grid, erik_orc_4, uniq_nergalle
D:13:     layout_cave_pools, erik_vaults_1, serial_column_ruins,
          column_ruins_open_tiny, column_ruins_grid_1,
          column_ruins_corridor_corner, column_ruins_open_small,
          column_ruins_open_medium, column_ruins_open_tiny
D:14:     layout_basic, serial_shops, shop, chequers_serial_rivers_room_b,
          tso_metal_star
D:15:     hangedman_depths_entry_civil_slaughter, layout_loops_ring,
          nicolae_trove_entry_crystal, serial_shops, shop, nicolae_shop_trees,
          shop_statue, nicolae_shop_overgrown_old_shop, shop,
          nicolae_gozag_cash_rules_everything_around_me, minivault_19,
          einodemon_barbed_minivault

Skill      XL: |  1  2  3  4  5  6  7  8  9 10 11 12 |
---------------+-------------------------------------+-----
Axes           | 4 5 6 8 10 11 13 14 16 | 16.1
Fighting       | 4 5 6 7 8 9 11 12 | 12.2
Armour         | 3 4 5 7 8 9 10 11 | 11.8
Dodging        | 3 4 5 6 7 8 9 11 | 11.0

Action                   |  1- 3 |  4- 6 |  7- 9 | 10-12 || total
-------------------------+-------+-------+-------+-------++-------
Melee: Hand axe          |    87 |    37 |       |       ||   124
       Headbutt          |    15 |    36 |    59 |   116 ||   226
       War axe           |       |   130 |   149 |       ||   279
       Flail             |       |       |   127 |    79 ||   206
       Glaive            |       |       |       |   340 ||   340
       Battleaxe         |       |       |       |   170 ||   170
Throw: Dart              |       |       |       |     5 ||     5
Invok: Berserk           |       |       |     4 |    10 ||    14
  Use: Scroll            |       |    11 |     4 |       ||    15
       Potion            |       |       |     2 |     1 ||     3
  Eat: Chunk             |     2 |     9 |    17 |    28 ||    56
       Ration            |       |       |       |     3 ||     3
Armor: Ring mail         |    22 |       |       |       ||    22
       Chain mail        |       |    56 |   134 |   150 ||   340
       Plate armour      |       |       |       |   177 ||   177
Dodge: Dodged            |    23 |    43 |   104 |   326 ||   496
Block: Shield            |    30 |    81 |   144 |    48 ||   303
